 Dungeon Crawl Stone Soup version 0.30.0-10-gfe55d96785 (webtiles) character file.

Game seed: 9021400660042224631

807252 SnakkuSnakku7 the Bringer of Law (level 27, -4/137 (156) HPs)
             Began as a Vine Stalker Venom Mage on May 14, 2023.
             Was the Champion of Zin.
             Killed by divine providence
             ... invoked by a balrug
              (11 damage)
             ... in the Vestibule of Hell.
             The game lasted 02:06:46 (53656 turns).

SnakkuSnakku7 the Bringer of Law (VSVM)            Turns: 53656, Time: 02:06:46

HP:   -4/137 (156)  AC: 44    Str: 23 (24) XL:     27
MP:   0/43          EV: 10    Int: 17      God:    Zin [******]
Gold: 7717          SH: 22    Dex: 22      Spells: 50/56 levels left

rFire   + + .        b - +9 sacred scourge (holy)
rCold   + . .        j - +1 tower shield {AC+3}
rNeg    . . .        B - +5 gold dragon scales
rPois   +            f - +0 helmet of the Iron City of Dis {Rampage Dex+5}
rElec   .            e - +2 cloak {Will+}
rCorr   .            m - +2 pair of gloves {Dex+3}
SInv    .            g - +2 pair of boots {Fly}
Will    ++++.        M - amulet of regeneration Stlth
                     J - +4 ring of slaying
HPRegen 2.02/turn    E - ring of protection from fire
MPRegen 0.28/turn

%: guardian spirit, rampage
@: on fire, reciting, flying, glowing, studying Polearms, heavily drained
A: fangs 3, regeneration 1, magic shield, antimagic bite, no potion heal 2
}: 9/15 runes: decaying, slimy, silver, demonic, glowing, magical, fiery, dark,
gossamer
a: Renounce Religion, Recite, Vitalisation, Imprison, Sanctuary, Donate Gold


You were in the Vestibule of Hell.
You worshipped Zin.
Zin was exalted by your worship.
You visited 13 branches of the dungeon, and saw 57 of its levels.
You visited Pandemonium 2 times, and saw 13 of its levels.
You visited the Abyss 1 time.
You also visited: Sewer, Bailey, Ice Cave, Volcano and Wizlab.

You collected 10167 gold pieces.
You spent 2021 gold pieces at shops.
You donated 429 gold pieces to Zin.

Inventory:

Hand Weapons
 a - a +9 eveningstar of freezing
 b - a +9 sacred scourge of holy wrath (weapon)
Missiles
 r - 21 curare-tipped darts
 N - 2 throwing nets
Armour
 c - the +3 warlock's mirror {omnireflect}
   (You found it on level 5 of the Pits of Slime)

   Omnireflect: It can block and reflect piercing ranged attacks and magical
   attacks against the wielder's willpower.
 e - a +2 cloak of willpower (worn)
 f - the +0 helmet of the Iron City of Dis (worn) {Rampage Dex+5}
   (You bought it in a shop on level 9 of the Dungeon)

   Dex:       It affects your dexterity (+5).
   Rampage:   It bestows one free step when moving towards enemies.
 g - a +2 pair of boots of flying (worn)
 j - a +1 tower shield of protection (worn)
 m - a +2 pair of gloves of dexterity (worn)
 u - a +2 helmet of see invisible
 B - +5 gold dragon scales (worn)
 F - +1 pearl dragon scales
 Z - a +2 kite shield of cold resistance
Jewellery
 k - the ring "Plog" {Will+ Stlth+}
   (You found it on level 3 of the Elven Halls)

   [ring of willpower]

   Will:      It increases your willpower.
   Stlth:     It makes you more stealthy.
 l - a +4 ring of protection
 v - a +5 ring of evasion
 E - a ring of protection from fire (right hand)
 J - a +4 ring of slaying (left hand)
 M - an amulet of regeneration (around neck)
 Q - a ring of see invisible
 Y - the ring "Buss" {Wiz +Blink rCorr Stlth+}
   (You found it on level 5 of the Vaults)

   [ring of wizardry]

   It improves your spell success rate.
   +Blink:    It lets you blink.
   rCorr:     It protects you from acid and corrosion.
   Stlth:     It makes you more stealthy.
Wands
 o - a wand of digging (23)
 w - a wand of charming (78)
 x - a wand of mindburst (37)
 C - a wand of flame (76)
 K - a wand of quicksilver (78)
 W - a wand of roots (40)
Scrolls
 p - 2 scrolls of blinking
 s - 6 scrolls of immolation
 t - 10 scrolls of poison
 y - 11 scrolls of magic mapping
 A - 7 scrolls of fog
 H - 9 scrolls of vulnerability
 I - 2 scrolls of summoning
 R - 10 scrolls of silence
 T - 21 scrolls of teleportation
 X - 6 scrolls of fear
Potions
 d - 39 potions of curing
 i - 7 potions of cancellation
 n - 10 potions of ambrosia
 q - 5 potions of magic
 z - 6 potions of berserk rage
 D - 10 potions of might
 O - 12 potions of haste
 P - 6 potions of resistance
 U - 12 potions of attraction
 V - 2 potions of invisibility
Miscellaneous
 h - a phantom mirror
 S - a condenser vane


   Skills:
 - Level 20.0 Fighting
 - Level 16.0(17.6) Axes
 - Level 12.6(16.0) Maces & Flails
 - Level 20.0 Armour
 - Level 10.0 Dodging
 - Level 2.4 Stealth
 - Level 16.0 Shields
 - Level 15.4 Spellcasting
 - Level 1.0 Transmutations
 - Level 7.7 Poison Magic
 + Level 25.2 Invocations
 - Level 10.0 Evocations


You had 50 spell levels left.
You knew the following spells:

 Your Spells              Type           Power      Damage    Failure   Level
b - Poisonous Vapours     Pois/Air       52%        N/A       54%         2
z - Olgreb's Toxic Radia  Pois           39%        N/A       65%         4

Your spell library contained the following spells:

 Spells                   Type           Power      Damage    Failure   Level
 Sting                    Tmut/Pois      100%       1d8       34%         1
 Apportation              Tloc           26%        N/A       91%         1
 Foxfire                  Conj/Fire      52%        2x1d6     91%         1
 Freeze                   Ice            52%        1d6       91%         1
 Kiss of Death            Conj/Necr      52%        2d9       91%         1
 Necrotise                Necr           52%        1d6       91%         1
 Sandblast                Erth           26%        2d8       91%         1
 Slow                     Hex            52%        N/A       91%         1
 Summon Small Mammal      Summ           52%        N/A       91%         1
 Wereblood                Tmut           16%        N/A       91%         2
 Mephitic Cloud           Conj/Pois/Air  21%        N/A       91%         3
 Passwall                 Tmut/Erth      11%        N/A       95%         2
 Blink                    Tloc           26%        N/A       97%         2
 Call Imp                 Summ           26%        N/A       97%         2
 Lesser Beckoning         Tloc           26%        N/A       97%         2
 Momentum Strike          Conj/Tloc      26%        3d8       97%         2
 Scorch                   Fire           26%        2d6       97%         2
 Searing Ray              Conj           26%        2d5       97%         2
 Sublimation of Blood     Necr           13%        N/A       97%         2
 Confusing Touch          Hex            13%        N/A       99%         3
 Dazzling Flash           Conj/Hex       26%        N/A       99%         3
 Frozen Ramparts          Ice            26%        1d4       99%         3
 Gell's Gravitas          Tloc           13%        N/A       99%         3
 Hailstorm                Conj/Ice       13%        3d5       99%         3
 Inner Flame              Hex/Fire       13%        N/A       99%         3
 Ozocubu's Armour         Ice            13%        N/A       99%         3
 Portal Projectile        Hex/Tloc       26%        N/A       99%         3
 Stone Arrow              Conj/Erth      26%        3d8       99%         3
 Summon Guardian Golem    Hex/Summ       13%        N/A       99%         3
 Teleport Other           Tloc           13%        N/A       99%         3
 Tukima's Dance           Hex            13%        N/A       99%         3
 Vampiric Draining        Necr           13%        2d6       99%         3
 Vhi's Electric Charge    Tloc/Air       26%        N/A       99%         3
 Volatile Blastmotes      Fire/Tloc      26%        2d12      99%         3
 Anguish                  Hex/Necr       6%         N/A       100%        4
 Cause Fear               Hex            6%         N/A       100%        4
 Flame Wave               Conj/Fire      13%        2d6       100%        4
 Iskenderun's Mystic Bla  Conj/Tloc      13%        2d5       100%        4
 Manifold Assault         Tloc           13%        N/A       100%        4
 Passage of Golubria      Tloc           13%        N/A       100%        4
 Petrify                  Tmut/Erth      14%        N/A       100%        4
 Sticky Flame             Conj/Fire      13%        2d4       100%        4
 Summon Lightning Spire   Summ/Air       13%        N/A       100%        4
 Agony                    Necr           13%        N/A       100%        5
 Alistair's Intoxication  Tmut/Pois      18%        N/A       100%        5
 Arcjolt                  Conj/Air       6%         1d16      100%        5
 Blade Hands              Tmut           8%         N/A       100%        5
 Borgnjor's Vile Clutch   Necr/Erth      6%         N/A       100%        5
 Fireball                 Conj/Fire      6%         3d5       100%        5
 Freezing Cloud           Conj/Ice/Air   6%         6-21      100%        5
 Irradiate                Conj/Tmut      7%         3d14      100%        5
 Iskenderun's Battlesphe  Conj           13%        2d7       100%        5
 Metabolic Englaciation   Hex/Ice        6%         N/A       100%        5
 Silence                  Hex/Air        6%         N/A       100%        5
 Summon Forest            Summ/Tloc      6%         N/A       100%        5
 Summon Mana Viper        Hex/Summ       13%        N/A       100%        5
 Yara's Violent Unravell  Hex/Tmut       7%         3d5       100%        5
 Conjure Ball Lightning   Conj/Air       6%         3x3d6     100%        6
 Death Channel            Necr           6%         N/A       100%        6
 Eringya's Noxious Bog    Tmut/Pois      14%        N/A       100%        6
 Iron Shot                Conj/Erth      6%         9d2       100%        6
 Plasma Beam              Fire/Air       6%         2x1d18    100%        6
 Simulacrum               Ice/Necr       6%         N/A       100%        6
 Starburst                Conj/Fire      6%         6d4       100%        6
 Summon Cactus Giant      Summ           6%         N/A       100%        6
 Dragon Form              Tmut           8%         N/A       100%        7
 Enfeeble                 Hex            6%         N/A       100%        7
 Malign Gateway           Summ/Tloc      6%         N/A       100%        7
 Monstrous Menagerie      Summ           6%         N/A       100%        7
 Orb of Destruction       Conj           6%         9d6       100%        7
 Ozocubu's Refrigeration  Ice            6%         4d8       100%        7
 Spellforged Servitor     Conj/Summ      6%         N/A       100%        7
 Storm Form               Tmut/Air       7%         N/A       100%        7
 Summon Hydra             Summ           6%         N/A       100%        7
 Discord                  Hex            6%         N/A       100%        8
 Disjunction              Tloc           6%         N/A       100%        8
 Lehudib's Crystal Spear  Conj/Erth      6%         10d3      100%        8
 Maxwell's Capacitive Co  Air            6%         ∞         100%        8
 Summon Horrible Things   Summ           6%         N/A       100%        8
 Dragon's Call            Summ           6%         N/A       100%        9
 Polar Vortex             Ice            6%         N/A       100%        9


Dungeon Overview and Level Annotations

Branches:
Dungeon (15/15)            Temple (1/1) D:6            Lair (5/5) D:11
  Swamp (4/4) Lair:3       Spider (4/4) Lair:2        Slime (5/5) Lair:4
    Orc (2/2) D:10            Elf (3/3) Orc:2        Vaults (5/5) D:13
  Crypt (3/3) Vaults:3       Tomb (0/3) Crypt:3      Depths (4/4) D:15
   Hell (1/1)                 Geh (5/7) Hell            Zot (0/5) Depths:4
  Sewer (visited)          Bailey (visited)           IceCv (visited)
Volcano (visited)          WizLab (visited)
    Dis: Hell:1         Coc: Hell:1         Tar: Hell:1

Altars:
Ashenzari
Cheibriados
Dithmenos
Elyvilon
Kikubaaqudgha
Nemelex Xobeh
Okawaru
Qazlal
Ru
Trog
Uskayaw
Vehumet
Wu Jian
Xom
Yredelemnul
Zin
The Shining One
Jiyva

Shops:
D:6 !   D:7 ?   D:9 [   Orc:2 (![*   Elf:1 :   Vaults:2 :

Portals:
Hell: Depths:1 Depths:2 Depths:3 Depths:4
Abyss: Depths:1 Depths:3
Pandemonium: Depths:2
Ziggurat: Depths:1

Annotations:
D:7 2 transporters, becking's ghost, novice HOBe
D:14 Roxanne
Elf:2 3 runed translucent doors
Crypt:3 1 runed translucent door, Waammiq's ghost, veteran GrEE


Innate Abilities, Weirdness & Mutations

You have razor-sharp teeth.
Your natural rate of healing is unusually fast.
When hurt, damage is shared between your health and your magic reserves.
Your bite disrupts and absorbs the magic of your enemies.
Potions cannot restore your health.


Message History

You are covered in liquid flames!
There is a gateway to the ashen valley of Gehenna, spattered with blood here.
The hell hog attacks as you move away! The hell hog barely misses you.
The balrug gestures at you.
The sticky flame hits you but does no damage.
You resist.
You are covered in liquid flames!
You block the searing wretch's attack. x2
The searing wretch bites you but does no damage.
You see here a salamander skeleton.
Unknown command.
Activating: Recite (0% risk of failure)
Press: ? - help, Dir - look around, f - activate You clear your throat and prepare to recite.
You are covered in liquid flames! "The heretics stood before Zin, and in that instant..."
The balrug gestures at you. Something smites you!
* * * LOW HITPOINT WARNING * * *
The balrug gestures at you.
The fireball explodes!
The fireball engulfs you. You resist.
* * * LOW HITPOINT WARNING * * *
The fireball engulfs the searing wretch.
The searing wretch completely resists.
The fireball engulfs the balrug.
The balrug completely resists.
The fireball engulfs the balrug.
The balrug completely resists.
The fireball engulfs the searing wretch.
The searing wretch completely resists.
The searing wretch claws you!!
* * * LOW HITPOINT WARNING * * *
You are engulfed in flames!
You resist.
* * * LOW HITPOINT WARNING * * *
You block the searing wretch's attack. x2; The searing wretch claws you.
* * * LOW HITPOINT WARNING * * *
You are engulfed in flames.
You resist.
* * * LOW HITPOINT WARNING * * *
The searing wretch claws you but does no damage.
The searing wretch bites you but does no damage.
The balrug gestures at you. Something smites you!
You die...

# ##.# ## #§≈≈##..#
.## ##.≈§##...# ..##
##§≈≈##....# ##.##
##§≈§##.....#
.#..####≈≈≈##..⌠...#
.....##≈≈≈.##......#
......§≈≈...'...h2.#
..###.§.....'...@nn#
......≈≈§...'...2n÷#
.....##≈§≈.##....÷.#
.#..####§≈≈##..⌠...#
##.## ##≈≈§##.....#
..## ##.§§##....#
.## ##§§≈##...# ##
#.≈§##..# # ##.#


You could see 3 searing wretches, 2 balrugs and a hell hog.

Vanquished Creatures
  Cerebov (Pan)
  the Royal Jelly (Slime:5)
  Gloorx Vloq (Pan)
  Dissolution (Slime:3)
  Mnoleg (Pan)
  A seraph (Pan)
  Lom Lobon (Pan)
  3 dread liches
  2 ancient liches
  A pandemonium lord (Pan)
  Geryon (Hell)
  2 golden dragons
  Hellbinder (WizLab)
  4 bone dragons
  2 pearl dragons (Pan)
  Rupert (D:12)
  A Hell Sentinel (Pan)
  3 Brimstone Fiends (Pan)
  13 tentacled monstrosities
  A hellephant (Geh:1)
  2 walking crystal tomes (D:15)
  8 liches
  A walking divine tome (Depths:3)
  A walking frostbound tome (D:15)
  A quicksilver dragon (Vaults:5)
  3 searing wretches
  The ghost of Kyerol the Warrior, an adept TeSu of Ashenzari (Elf:1)
  2 deep elf blademasters (Elf:3)
  2 deep elf master archers (Elf:3)
  16 acid blobs
  4 titans
  9 sphinxes
  6 ancient champions
  14 Executioners (Pan)
  5 shadow dragons
  A thorn hunter (Swamp:4)
  Kirke (D:12)
  4 storm dragons
  Donald (Spider:3)
  5 revenants
  4 demonspawn warmongers (Pan)
  6 tengu reavers
  2 rockslimes (Slime:5)
  3 azure jellies
  7 daevas (Pan)
  2 fenstrider witches (Swamp:2)
  6 narguns
  12 vault wardens
  Louise (Spider:3)
  12 fire giants
  6 deep elf elementalists (Elf:3)
  An emperor scorpion (Spider:4)
  7 deep elf sorcerers
  2 caustic shrike zombies
  8 frost giants
  2 iron dragons (Hell)
  25 balrugs
  13 angels (Pan)
  3 ghost moths
  4 orc warlords
  A ghost moth (shapeshifter) (Vaults:1)
  20 ironbound preservers
  4 spriggan defenders
  2 caustic shrike skeletons (Crypt:3)
  10 ophanim (Pan)
  9 very ugly things
  2 demonspawn blood saints (Pan)
  A draconian stormcaller (Depths:4)
  9 cacodemons
  The ghost of Jacimip the Whirler, a journeyman HaHu of Okawaru (Swamp:3)
  7 reapers
  4 draconian annihilators
  5 curse skulls
  11 quicksilver oozes
  5 ghouls (Crypt:3)
  2 broodmothers
  11 ironbound thunderhulks
  7 war gargoyles
  Nessos (D:13)
  22 stone giants
  19 apis (Pan)
  A demonspawn black sun (WizLab)
  13 vampire knights
  8 lorocyprocas
  A juggernaut skeleton (Hell)
  4 eleionomae
  3 bunyips
  4 deep elf demonologists (Elf:3)
  Azrael (Spider:2)
  2 green draconians (Depths:4)
  9 deep elf annihilators
  A black draconian (Depths:4)
  12 dire elephants
  9 spark wasps
  4 white draconians (Depths:4)
  4 blizzard demons
  5 jiangshi
  6 deep elf death magi
  12 ettins
  Snorg (Lair:5)
  2 eidola
  9 green deaths
  6 fire dragons
  14 yaktaur captains
  6 entropy weavers
  2 deep elf high priests
  14 great orbs of eyes
  3 salamander tyrants
  10 hydras
  3 rakshasas (Pan)
  3 hell beasts
  16 ice dragons
  3 peacekeepers (Vaults:4)
  A jorogumo (Spider:4)
  33 vault guards
  A bennu zombie (Crypt:2)
  6 spriggan skeletons
  2 ogre magi
  2 juggernaut simulacra
  4 spriggan air magi
  4 radroaches
  A two-headed ogre (shapeshifter) (Vaults:4)
  An anaconda (shapeshifter) (Vaults:5)
  11 centaur warriors
  2 catoblepae (Lair:5)
  A fenstrider witch skeleton (Pan)
  10 ironbound frosthearts
  5 death knights
  13 dancing weapons
  Erica (D:10)
  7 two-headed ogres
  5 deep troll shamans
  A ghost crab (Swamp:3)
  6 death scarabs (Spider:4)
  11 death yaks
  5 boulder beetles
  32 hell hogs
  8 alligators
  7 deep troll earth magi
  7 vampire magi
  Urug (D:13)
  7 tengu warriors
  6 spriggan berserkers
  16 hell knights
  3 orc high priests (Orc:2)
  16 soul eaters
  A titan zombie (Crypt:2)
  55 sun demons
  7 deep elf knights
  2 titan skeletons (Crypt:3)
  A fire crab (shapeshifter) (D:14)
  49 skeletal warriors
  7 iron trolls
  14 sixfirhies
  5 skysharks
  10 pharaoh ants
  10 shadow wraiths
  11 cherubim (Pan)
  A salamander mystic (Depths:3)
  A sun moth (Spider:4)
  Lodul (D:14)
  A golden dragon zombie (Hell)
  5 goliath frogs
  A death drake (Swamp:1)
  8 glowing orange brains
  2 spriggan druids
  A goliath frog (shapeshifter) (Depths:4)
  4 shadow demons
  A glowing orange brain (shapeshifter) (Depths:2)
  3 bog bodies
  3 bunyip skeletons (Crypt:3)
  An anaconda zombie (Crypt:1)
  An iron giant skeleton (Crypt:3)
  59 deep trolls
  11 orb spiders
  6 flayed ghosts
  9 swamp dragons
  6 lindwurms
  15 deep elf archers
  A tengu zombie (Hell)
  4 shadow dragon zombies
  13 ironbound convokers
  23 deep elf pyromancers
  21 deep elf zephyrmancers
  A fenstrider witch simulacrum (Crypt:1)
  2 spectral wolf spiders (Spider:4)
  2 sphinx zombies (Hell)
  3 anaconda skeletons
  13 phantasmal warriors
  8 steelbarb worms
  13 wizards
  33 ugly things
  19 orc knights
  A wolf spider zombie (Spider:4)
  15 necromancers
  6 orc sorcerers
  2 stone giant zombies (Hell)
  A broodmother zombie (Spider:4)
  12 wolf spiders
  5 shining eyes
  5 cyclopes
  A shadow dragon skeleton (Crypt:3)
  2 draconian zombies (Crypt:2)
  5 manticores
  Maurice (Orc:1)
  4 will-o-the-wisps
  6 moths of wrath
  3 salamanders (Depths:3)
  23 elephants
  3 stone giant skeletons
  A centaur zombie (Hell)
  13 smoke demons
  5 black mambas
  20 vault sentinels
  An eye of devastation (Slime:5)
  A titan simulacrum (Crypt:1)
  10 demonic crawlers
  A torpor snail (Spider:2)
  4 molten gargoyles (Depths:2)
  An ice statue (IceCv)
  2 hellions (WizLab)
  3 spectral redbacks (Spider:4)
  6 orange demons
  2 alligator snapping turtle zombies
  A shock serpent skeleton (Crypt:1)
  3 unseen horrors
  12 rust devils
  Psyche (D:8)
  2 dire elephant skeletons
  Maggie (D:7)
  3 kobold demonologists
  2 alligator snapping turtle skeletons (Crypt:3)
  2 centaur skeletons
  3 cane toads
  21 yaktaurs
  A rime drake (shapeshifter) (D:14)
  3 ice devils
  A komodo dragon (shapeshifter) (D:15)
  A yaktaur (shapeshifter) (Depths:1)
  An anaconda simulacrum (IceCv)
  2 redback zombies
  4 komodo dragons
  7 efreet (Pan)
  2 tengu conjurers
  11 freezing wraiths
  A sea snake skeleton (Hell)
  4 tormentors
  A harpy zombie (Crypt:2)
  16 hellwings
  5 trolls
  4 red devils
  A hydra zombie (Hell)
  4 guardian mummies (Crypt:3)
  A merfolk (shapeshifter) (Depths:2)
  A polar bear (Vaults:3)
  A bloated husk (Swamp:3)
  5 spectral jumping spiders (Spider:4)
  3 meliai (Spider:3)
  7 harpy skeletons
  13 tyrant leeches
  16 tarantellas
  A spectral culicivora (Spider:4)
  3 spectral tarantellas (Spider:4)
  7 dream sheep
  A tarantella (shapeshifter) (Depths:2)
  17 hornets
  A hydra skeleton (Crypt:3)
  2 jumping spider zombies (Spider:4)
  A tarantella zombie (Spider:4)
  A death drake skeleton (Crypt:3)
  10 blink frogs
  80 slime creatures
  A fire giant simulacrum (Vaults:3)
  A culicivora zombie (Spider:4)
  Prince Ribbit (D:6)
  2 ettin zombies (Hell)
  27 culicivoras
  5 air elementals
  2 alligator zombies (Hell)
  16 flying skulls
  A shadow (D:9)
  10 ynoxinuls
  31 jumping spiders
  2 wyverns
  13 wraiths
  4 hogs (D:12)
  76 yaks
  23 spriggans
  3 ettin skeletons
  2 water elementals
  2 basilisks (Lair:5)
  24 golden eyes
  3 fire elementals (Spider:2)
  6 fire bats (Volcano)
  6 chaos spawn
  17 humans
  A black mamba skeleton (Crypt:3)
  17 vampire mosquitoes
  13 neqoxecs
  6 steam dragons
  2 death yak simulacra (IceCv)
  36 redbacks
  4 swamp worm simulacra (Swamp:4)
  A sea snake simulacrum (Hell)
  5 wargs
  A harpy simulacrum (IceCv)
  16 hydra simulacra (Swamp:4)
  An entropy weaver zombie (Crypt:2)
  A glowing shapeshifter zombie (Hell)
  2 acid dragons
  12 water moccasins
  5 floating eyes
  A floating eye (shapeshifter) (Depths:2)
  7 hell hounds
  22 swamp worms
  3 naga skeletons
  6 swamp drakes
  25 orc warriors
  2 ice beasts (D:8)
  2 black bears
  11 wolves
  A hog zombie (Crypt:1)
  15 ogres
  6 boggarts (Vaults:1)
  14 large abominations
  5 centaurs (D:14)
  A manticore skeleton (Crypt:3)
  A swamp dragon skeleton (Pan)
  A phantom (D:6)
  6 kobold brigands
  Blork the orc (D:6)
  2 earth elementals (Elf:2)
  14 bullfrogs
  9 two-headed ogre simulacra (IceCv)
  A cane toad simulacrum (IceCv)
  5 necrophages (Crypt:3)
  5 scorpions
  4 gnoll sergeants
  10 wights
  A warg zombie (Crypt:2)
  A human simulacrum (Vaults:3)
  4 spriggan zombies
  2 elephant simulacra (IceCv)
  5 killer bees (D:11)
  4 howler monkeys
  7 electric eels
  A crimson imp (D:8)
  2 jellies
  2 gnoll boudas
  22 orc priests
  2 hounds
  A sleepcap (D:6)
  A basilisk skeleton (Crypt:3)
  Terence (D:2)
  5 iguanas
  21 orc wizards
  A scorpion zombie (Crypt:3)
  5 polar bear simulacra (IceCv)
  8 troll simulacra (IceCv)
  6 spriggan simulacra (IceCv)
  4 wolf simulacra (IceCv)
  A tengu skeleton (Crypt:1)
  A hound skeleton (Crypt:1)
  27 gnolls
  7 adders
  4 naga simulacra (IceCv)
  4 river rats (Sewer)
  A steam dragon skeleton (Crypt:1)
  8 white imps
  7 ufetubi
  3 swamp drake simulacra (Swamp:4)
  A worm zombie (Crypt:1)
  5 worms
  4 dart slugs
  95 orcs
  20 ball pythons
  8 endoplasms
  2 giant cockroaches (D:2)
  6 goblins
  5 hobgoblins
  5 jackals (D:2)
  2 quokkas
  A ball python skeleton (Crypt:3)
  7 bats
  4 frilled lizards
  A frilled lizard skeleton (Crypt:2)
  A gnoll zombie (Crypt:1)
  25 kobolds
  23 rats
  A spectral orc (D:14)
  3 fire vortices
2728 creatures vanquished.

Vanquished Creatures (others)
  An eldritch tentacle (Pan)
  A fire giant (Geh:1)
  A wizard (Vaults:4)
  A phantasmal warrior (Vaults:5)
  A deep elf archer (Elf:2)
  A glowing orange brain (Pan)
  2 bloated husks
  A ynoxinul (Pan)
  3 humans
  2 chaos spawn (Pan)
  A swamp worm simulacrum (Swamp:4)
  A boggart (Vaults:1)
  A basilisk skeleton (Crypt:2)
  A gnoll (D:9)
  6 ball lightnings (Pan)
  7 foxfires
31 creatures vanquished.

Grand Total: 2759 creatures vanquished

Notes
Turn   | Place    | Note
-------+----------+-------------------------------------------
     0 | D:1      | SnakkuSnakku7 the Vine Stalker Venom Mage began the quest
                  | for the Orb.
     0 | D:1      | Reached XP level 1. HP: 9/9 MP: 4/4
   111 | D:1      | You fall into a shaft and drop 1 floor!
   119 | D:2      | Noticed Terence
   129 | D:2      | Reached XP level 2. HP: 13/13 MP: 1/6
   242 | D:2      | Learned a level 2 spell: Poisonous Vapours
   268 | D:2      | Reached XP level 3. HP: 12/16 MP: 1/7
   281 | D:2      | Identified the +2 leather armour of Poytossu {rF- rN+
                  | Str+4}
   383 | D:1      | Found a faded altar of an unknown god.
  1186 | D:2      | Gained mutation: Your natural rate of healing is unusually
                  | fast. [Vine Stalker growth]
  1186 | D:2      | Reached XP level 4. HP: 13/21 MP: 0/8
  1488 | D:2      | Reached skill level 5 in Poison Magic
  1762 | D:2      | Killed Terence
  1946 | D:3      | Learned a level 4 spell: Olgreb's Toxic Radiance
  1985 | D:3      | Found a shadowy altar of Dithmenos.
  2311 | D:4      | Reached XP level 5. HP: 24/24 MP: 9/9
  2578 | D:4      | Found a sparkling altar of Nemelex Xobeh.
  2675 | D:4      | Reached XP level 6. HP: 28/28 MP: 8/10
  3093 | D:5      | Entered Level 5 of the Dungeon
  3243 | D:4      | Reached XP level 7. HP: 32/32 MP: 5/11
  3279 | D:5      | Reached skill level 1 in Fighting
  3399 | D:5      | Found a snail-covered altar of Cheibriados.
  3483 | D:5      | Noticed a steam dragon
  3497 | D:5      | Killed a steam dragon
  3696 | D:5      | Gained mutation: You have razor-sharp teeth. [Vine Stalker
                  | growth]
  3696 | D:5      | Reached XP level 8. HP: 42/42 MP: 4/12
  3787 | D:5      | Found a broken altar of Ashenzari.
  3838 | D:6      | Found a glowing drain.
  3853 | Sewer    | Entered a sewer
  3918 | Sewer    | Reached skill level 5 in Fighting
  4142 | D:6      | Noticed Blork the orc
  4152 | D:6      | Killed Blork the orc
  4153 | D:6      | Reached skill level 1 in Axes
  4253 | D:6      | Noticed Prince Ribbit
  4260 | D:6      | Killed Prince Ribbit
  4261 | D:6      | Reached XP level 9. HP: 33/47 MP: 6/13
  4300 | D:6      | Reached skill level 5 in Axes
  4314 | D:6      | Found a radiant altar of Vehumet.
  4336 | D:6      | Found Hehasto's Distillery.
  4336 | D:6      | Found an ornate altar of the Wu Jian Council.
  4355 | D:6      | Bought a potion of degeneration for 10 gold pieces
  4365 | D:6      | Found a staircase to the Ecumenical Temple.
  4375 | Temple   | Entered the Ecumenical Temple
  4387 | Temple   | Became a worshipper of Zin the Law-Giver
  4387 | Temple   | Reached * piety under Zin
  4545 | D:6      | Found a white marble altar of Elyvilon.
  5032 | D:7      | Noticed Maggie
  5042 | D:7      | Killed Maggie
  5140 | D:7      | Found a transporter.
  5154 | D:7      | Noticed becking's ghost (novice HOBe)
  5158 | D:7      | Reached ** piety under Zin
  5172 | D:7      | Found a transporter.
  5238 | D:7      | Reached XP level 10. HP: 51/51 MP: 12/14
  5240 | D:7      | Identified the +0 trident of Okawaru, Conjuring {protect,
                  | rPois Will++ Dex+3}
  5247 | D:7      | Found an ancient bone altar of Kikubaaqudgha.
  5255 | D:7      | Found a sacrificial altar of Ru.
  5395 | D:7      | Found Ategesme's Magic Scroll Boutique.
  5401 | D:7      | Bought a scroll of blinking for 82 gold pieces
  5401 | D:7      | Bought a scroll of teleportation for 33 gold pieces
  5401 | D:7      | Bought a scroll of enchant armour for 82 gold pieces
  5401 | D:7      | Bought 2 scrolls of teleportation for 66 gold pieces
  5562 | D:7      | Found a glowing golden altar of the Shining One.
  5867 | D:8      | Reached skill level 10 in Axes
  5940 | D:8      | Reached *** piety under Zin
  5987 | D:8      | Noticed Psyche
  5999 | D:8      | Killed Psyche
  6086 | D:8      | Found a flagged portal.
  6097 | Bailey   | Entered a bailey
  6270 | Bailey   | Reached XP level 11. HP: 60/60 MP: 14/21
  6341 | Bailey   | Noticed an orc knight
  6381 | Bailey   | Killed an orc knight
  6406 | Bailey   | Noticed an orc knight
  6452 | Bailey   | Killed an orc knight
  6702 | D:8      | Noticed a manticore
  6707 | D:8      | Killed a manticore
  6868 | D:8      | Found a hide-covered altar of Uskayaw.
  6889 | D:8      | Reached **** piety under Zin
  6907 | D:8      | Found a stormy altar of Qazlal.
  7391 | D:9      | Reached XP level 12. HP: 45/65 MP: 13/22
  7471 | D:9      | Reached ***** piety under Zin
  7531 | D:9      | Found an iron altar of Okawaru.
  7801 | D:9      | Found Quanabb's Antique Armour Shoppe.
  7888 | D:10     | Entered Level 10 of the Dungeon
  8096 | D:9      | Bought a crude helmet for 294 gold pieces
  8096 | D:9      | Identified the +0 helmet of the Iron City of Dis {Rampage
                  | Dex+5} (You bought it in a shop on level 9 of the Dungeon)
  8224 | D:10     | Found a staircase to the Orcish Mines.
  8390 | D:10     | Found a bloodstained altar of Trog.
  8476 | D:10     | Noticed Erica
  8482 | D:10     | Killed Erica
  8596 | Orc:1    | Entered Level 1 of the Orcish Mines
  8596 | Orc:1    | Noticed Maurice
  8603 | Orc:1    | Killed Maurice
  8745 | Orc:2    | Entered Level 2 of the Orcish Mines
  9305 | Orc:2    | Reached skill level 15 in Axes
  9305 | Orc:2    | Reached XP level 13. HP: 19/69 MP: 4/23
  9465 | Orc:2    | Found a staircase to the Elven Halls.
  9474 | Orc:2    | Reached ****** piety under Zin
  9979 | Orc:2    | Found Qatze's Antique Weapon Emporium.
  9979 | Orc:2    | Found Xoxiaj's Distillery.
  9981 | Orc:2    | Found Velih's Antique Armour Emporium.
  9981 | Orc:2    | Found Lymif's Assorted Antiques.
  9990 | Orc:2    | Bought an emerald potion for 26 gold pieces
  9990 | Orc:2    | Bought a bubbling coppery potion for 26 gold pieces
  9990 | Orc:2    | Bought a scroll labelled IXOPUH XYNWO for 29 gold pieces
  9990 | Orc:2    | Bought a scroll labelled VYAZISA AXYCUNN for 29 gold pieces
  9990 | Orc:2    | Bought an emerald potion for 26 gold pieces
  9992 | Orc:2    | Bought a potion of haste for 110 gold pieces
  9992 | Orc:2    | Bought a potion of haste for 110 gold pieces
 10429 | D:11     | Found an iron altar of Okawaru.
 10581 | D:11     | Reached skill level 2 in Invocations
 10636 | D:11     | Found a staircase to the Lair.
 10943 | Lair:1   | Entered Level 1 of the Lair of Beasts
 10950 | Lair:1   | Reached skill level 3 in Invocations
 10997 | Lair:1   | Reached skill level 4 in Invocations
 11292 | Lair:1   | Reached skill level 5 in Invocations
 11518 | Lair:2   | Reached skill level 6 in Invocations
 11529 | Lair:2   | Found a hole to the Spider Nest.
 11569 | Lair:2   | You fall into a shaft and drop 1 floor!
 11661 | Lair:2   | Found a frozen archway.
 11667 | Lair:2   | Reached skill level 7 in Invocations
 11698 | IceCv    | Entered an ice cave
 11824 | IceCv    | Reached skill level 1 in Shields
 12093 | IceCv    | Noticed a reaper
 12118 | IceCv    | HP: 2/69 [reaper/+0 scythe of freezing (3)]
 12125 | IceCv    | Killed a reaper
 12247 | IceCv    | Identified the +4 dagger of Perversion {distort, rPois}
 12324 | Lair:2   | Reached XP level 14. HP: 74/74 MP: 24/24
 12467 | Lair:2   | Reached skill level 5 in Shields
 12806 | Lair:3   | Found a staircase to the Swamp.
 13394 | Lair:4   | Found a dark tunnel.
 13407 | Volcano  | Entered a volcano
 13748 | Lair:4   | Found a staircase to the Slime Pits.
 13750 | Lair:4   | Found a viscous altar of Jiyva.
 14096 | Lair:5   | Entered Level 5 of the Lair of Beasts
 14204 | Lair:4   | Reached skill level 10 in Shields
 14219 | Lair:4   | Reached skill level 1 in Armour
 14294 | Lair:5   | Reached XP level 15. HP: 77/78 MP: 21/25
 14375 | Lair:5   | Reached skill level 5 in Armour
 14401 | Lair:5   | Noticed Snorg
 14412 | Lair:5   | Killed Snorg
 14793 | Lair:5   | Found the +13 scythe of Curses {drain, curses, Drain}
 16037 | D:13     | Noticed Nessos
 16037 | D:13     | Noticed Rupert
 16037 | D:13     | Noticed Urug
 16037 | D:13     | Noticed Kirke
 16037 | D:13     | Found a gate to the Vaults.
 16212 | D:12     | Killed Kirke
 16250 | D:13     | Killed Urug
 16338 | D:13     | Killed Nessos
 16361 | D:13     | Identified the +7 trident "Mayt" {flame, Drain rF+ Str+2}
 16377 | D:13     | Reached skill level 1 in Maces & Flails
 17150 | D:14     | Noticed Lodul
 17170 | D:14     | Killed Lodul
 17182 | D:14     | Identified Roxanne's Secrets of Changing
 17182 | D:14     | Noticed Roxanne
 17232 | D:14     | Identified the ring "Ogulo" {Fire Dex+5}
 17330 | D:14     | Reached XP level 16. HP: 80/82 MP: 26/26
 17415 | D:14     | Reached skill level 5 in Maces & Flails
 17909 | D:14     | Found a basalt altar of Yredelemnul.
 17934 | D:15     | Entered Level 15 of the Dungeon
 17946 | D:15     | Identified the +7 scimitar "Tos Tus" {flame, Will+ Dex+2}
 18509 | D:15     | Found a staircase to the Depths.
 18783 | D:7      | Bought a scroll of magic mapping for 82 gold pieces
 18783 | D:7      | Bought a scroll of summoning for 104 gold pieces
 18783 | D:7      | Bought a scroll of fog for 44 gold pieces
 18857 | D:9      | Bought a bloodstained plate armour for 868 gold pieces
 18857 | D:9      | Identified the +3 plate armour of the Falcon {Harm Int-2
                  | Dex+5} (You bought it in a shop on level 9 of the Dungeon)
 19046 | Spider:1 | Entered Level 1 of the Spider Nest
 19965 | Spider:2 | Reached skill level 10 in Maces & Flails
 20175 | Spider:2 | Noticed Azrael
 20197 | Spider:2 | Killed Azrael
 20695 | Spider:2 | Reached XP level 17. HP: 86/86 MP: 27/27
 20703 | Spider:2 | Identified a scroll of acquirement
 21072 | Spider:2 | Acquired a manual of Spellcasting
 21239 | Spider:3 | Identified the +0 tower shield of Dinixkim {Contam rPois
                  | Will+ Int+3}
 21239 | Spider:3 | Noticed Louise
 21261 | Spider:3 | Killed Louise
 21750 | Spider:3 | Noticed Donald
 21763 | Spider:3 | HP: 4/86 [poisoned by a redback]
 22112 | Spider:3 | Killed Donald
 22292 | Spider:4 | Entered Level 4 of the Spider Nest
 22591 | Spider:4 | Reached skill level 10 in Fighting
 23011 | Spider:4 | Acquired a manual of Fighting
 23103 | Spider:4 | Reached skill level 8 in Invocations
 23244 | Spider:4 | Got a gossamer rune of Zot
 23471 | Swamp:1  | Entered Level 1 of the Swamp
 23719 | Swamp:1  | Reached XP level 18. HP: 95/100 MP: 26/28
 24223 | Swamp:2  | Reached skill level 15 in Fighting
 24649 | Swamp:3  | Found a transporter.
 24677 | Swamp:3  | Found a transporter.
 24683 | Swamp:3  | Found a bloodstained altar of Trog.
 24683 | Swamp:3  | Noticed Jacimip's ghost (journeyman HaHu)
 24688 | Swamp:3  | Identified the ring of Fyhoymas {rF+ MP+9}
 25129 | Swamp:4  | Entered Level 4 of the Swamp
 25792 | Swamp:4  | Reached skill level 9 in Invocations
 26002 | Swamp:4  | Got a decaying rune of Zot
 26218 | Slime:1  | Entered Level 1 of the Pits of Slime
 26267 | Lair:4   | Reached skill level 10 in Invocations
 26690 | Slime:1  | Reached skill level 11 in Invocations
 26770 | Slime:2  | Reached XP level 19. HP: 112/112 MP: 29/29
 27325 | Slime:2  | Reached skill level 12 in Invocations
 27440 | Slime:3  | Noticed Dissolution
 27644 | Slime:5  | Entered Level 5 of the Pits of Slime
 27740 | Slime:5  | Paralysed by a floating eye for 3 turns
 27881 | Slime:5  | Reached skill level 13 in Invocations
 27974 | Slime:5  | Noticed the Royal Jelly
 27985 | Slime:5  | Found a viscous altar of Jiyva.
 28008 | Slime:5  | Killed the Royal Jelly
 28276 | Slime:4  | Reached skill level 14 in Invocations
 28379 | Slime:5  | Found the +3 warlock's mirror {omnireflect}
 28384 | Slime:5  | Identified the +7 fire dragon scales of the Bull {rF++ rC-
                  | rN++ Str-4 Slay+2 SInv}
 28422 | Slime:5  | Identified the +0 plate armour of Vanity {Harm rC- rCorr
                  | Int+3}
 28462 | Slime:5  | Got a slimy rune of Zot
 28464 | Slime:5  | Got the Volume of Ruinous Rot
 28643 | Slime:3  | Killed Dissolution
 29123 | Vaults:1 | Entered Level 1 of the Vaults
 29253 | Vaults:1 | Reached skill level 15 in Invocations
 29480 | Vaults:1 | Reached skill level 10 in Armour
 29649 | Vaults:2 | HP: 1/112 [deep troll[an ironbound preserver] (8)]
 29796 | Vaults:2 | Reached XP level 20. HP: 83/117 MP: 28/32
 30521 | Vaults:1 | Identified the +6 scale mail of Entitlement {rCorr}
 31198 | Vaults:2 | Found Yhin's Book Shoppe.
 32213 | Vaults:3 | Reached XP level 21. HP: 104/121 MP: 33/33
 32365 | Vaults:3 | Paralysed by a sphinx for 3 turns
 32455 | Vaults:3 | Reached skill level 15 in Armour
 32457 | Vaults:3 | Reached skill level 1 in Evocations
 32654 | Vaults:3 | Reached skill level 5 in Evocations
 32990 | Vaults:3 | Found a staircase to the Crypt.
 33318 | Vaults:4 | Identified the +2 pair of boots of Analysis {rC+ Int-5
                  | Dex+6}
 33360 | Vaults:4 | HP: 4/121 [orc knight/+0 battleaxe (8)]
 33361 | Vaults:4 | HP: 1/121 [war gargoyle/+0 flail[a peacekeeper] (3)]
 34294 | Vaults:4 | Reached skill level 10 in Evocations
 34495 | Vaults:5 | Entered Level 5 of the Vaults
 34597 | Abyss:2  | Found a corrupted altar of Lugonu.
 34597 | Abyss:2  | Cast into level 2 of the Abyss (vault guard)
 34604 | Vaults:4 | Escaped the Abyss
 34624 | Vaults:4 | Reached XP level 22. HP: 100/126 MP: 36/36
 34711 | Vaults:4 | Reached skill level 10 in Spellcasting
 35078 | Vaults:5 | Noticed an ancient lich
 35091 | Vaults:5 | Killed an ancient lich
 35107 | Vaults:5 | Noticed a dread lich
 35122 | Vaults:5 | Killed a dread lich
 35179 | Vaults:5 | Identified the ring of Laezemo {Wiz rC- Str+2 Dex+5 Stlth+}
 35201 | Vaults:5 | Identified the +2 chain mail of the Clam {Harm rF+ Regen+}
 35261 | Vaults:5 | Reached skill level 15 in Spellcasting
 35271 | Vaults:5 | Noticed a golden dragon
 35278 | Vaults:5 | Killed a golden dragon
 35393 | Vaults:5 | Found the brooch of Shielding {Spirit SH+8}
 35418 | Vaults:5 | Got a silver rune of Zot
 35427 | Vaults:5 | Identified the ring "Buss" {Wiz +Blink rCorr Stlth+}
 35603 | Vaults:5 | Reached skill level 5 in Dodging
 36072 | Crypt:1  | Entered Level 1 of the Crypt
 36333 | Crypt:1  | Reached XP level 23. HP: 122/123 MP: 43/43
 37440 | Crypt:2  | Reached skill level 10 in Dodging
 37825 | Crypt:3  | Entered Level 3 of the Crypt
 38007 | Crypt:3  | Found a staircase to the Tomb.
 38079 | Crypt:3  | Noticed an ancient lich
 38098 | Crypt:3  | Killed an ancient lich
 38123 | Crypt:3  | Found a runed translucent door.
 38201 | Crypt:3  | Noticed Waammiq's ghost (veteran GrEE)
 38270 | Crypt:3  | Paralysed by a vampire knight for 2 turns
 38692 | Crypt:3  | Found a basalt altar of Yredelemnul.
 38984 | Crypt:3  | Reached XP level 24. HP: 136/136 MP: 43/43
 39187 | Crypt:3  | Noticed a dread lich
 39207 | Crypt:3  | Killed a dread lich
 39248 | Crypt:3  | Found the +9 sword of Zonguldrok {reap}
 39267 | Crypt:3  | Identified the staff of conjuration "Cukhlu" {*Slow rElec
                  | rF+ Str+8}
 39269 | Crypt:3  | Identified the staff of cold "Cizoexeq" {rElec rPois rF+
                  | rC+ Str+4}
 39588 | D:12     | Killed Rupert
 39704 | Elf:1    | Entered Level 1 of the Elven Halls
 39766 | Elf:1    | Found Setoff's Book Emporium.
 39800 | Elf:1    | Paralysed by an air elemental for 1 turns
 39879 | Elf:1    | Found a magical portal.
 39882 | WizLab   | Entered The Hall of the Hellbinder
 40031 | WizLab   | Got Asmodeus's Atlas of Allies
 40047 | WizLab   | Reached skill level 15 in Shields
 40170 | WizLab   | Noticed Esmavaix
 40184 | WizLab   | Killed Esmavaix the Hellbinder
 40307 | WizLab   | Found a burning altar of Makhleb.
 40339 | WizLab   | Identified the +3 quarterstaff of Impermanence {freeze,
                  | Dex+4 Stlth+}
 40363 | WizLab   | Got Par Kuef's Parchment of Sidekicks
 40637 | Elf:1    | Got Noemaes's Quarto of Forces
 40681 | Elf:1    | Found a runed translucent door.
 40681 | Elf:1    | Found a shimmering altar of Xom.
 40681 | Elf:1    | Noticed Kyerol's ghost (adept TeSu)
 40889 | Elf:1    | Paralysed by an air elemental for 1 turns
 40969 | Elf:1    | Found a radiant altar of Vehumet.
 41130 | Elf:1    | Killed Kyerol's ghost
 41261 | Elf:2    | Found a runed translucent gate.
 41261 | Elf:2    | Found a runed translucent gate.
 41261 | Elf:2    | Found a runed translucent gate.
 41390 | Elf:2    | Reached skill level 16 in Invocations
 41856 | Elf:3    | Entered Level 3 of the Elven Halls
 42025 | Elf:3    | Paralysed by an air elemental for 1 turns
 42028 | Elf:3    | Identified the +1 leather armour of the Monkey {rF- rCorr
                  | Str+7}
 42030 | Elf:3    | Paralysed by an air elemental for 1 turns
 42051 | Elf:3    | Identified the ring of the Prince of Darkness {Fly rN+
                  | Dex+2}
 42054 | Elf:3    | Reached skill level 17 in Invocations
 42146 | Elf:3    | Identified the +1 chain mail of Myikar {Rampage}
 42203 | Elf:3    | Identified the +5 great sword of Yredelemnul {elec, rElec
                  | rC+ Str+3 Stlth+}
 42204 | Elf:3    | Identified the ring "Plog" {Will+ Stlth+}
 42210 | Elf:3    | Identified the staff of poison "Akydgh" {rPois Dex+3}
 42301 | Elf:3    | Identified the staff of fire "Cuhofud" {Drain rF+ rN+++
                  | Int+3}
 42533 | Elf:3    | Paralysed by an air elemental for 1 turns
 42544 | Elf:3    | Paralysed by an air elemental for 1 turns
 42697 | Elf:3    | Reached XP level 25. HP: 140/140 MP: 43/43
 43104 | Depths:1 | Entered Level 1 of the Depths
 43108 | Depths:1 | Identified the +8 double sword of Oozing Pus {freeze, Str+4
                  | Int+3 Dex+3}
 43196 | D:15     | Reached skill level 18 in Invocations
 43444 | Depths:1 | Found a gateway to Hell.
 43597 | Depths:1 | Identified the +4 war axe of Misery {speed, rF+ SInv}
 43669 | Depths:1 | Found a one-way gate to the infinite horrors of the Abyss.
 43820 | Depths:1 | Reached skill level 19 in Invocations
 44003 | Depths:1 | Found a one-way gateway to a ziggurat.
 44179 | Depths:1 | Identified the +6 war axe "Gucipluh" {freeze, rElec rCorr
                  | Stlth+}
 44415 | Depths:2 | Found an ancient bone altar of Kikubaaqudgha.
 44473 | Depths:2 | Identified the +9 dagger "Opiut" {heavy, Fly rPois Int-3}
 44553 | Depths:2 | Reached XP level 26. HP: 147/147 MP: 43/43
 44652 | Depths:2 | Reached skill level 20 in Invocations
 44726 | Depths:2 | Found a one-way gate leading to the halls of Pandemonium.
 44748 | Depths:2 | Identified the +3 chain mail of Ytouce {Dex+2}
 45567 | Depths:3 | Reached skill level 21 in Invocations
 46089 | Depths:4 | Entered Level 4 of the Depths
 46462 | Depths:4 | Reached XP level 27. HP: 113/151 MP: 43/43
 46482 | Depths:4 | Reached skill level 22 in Invocations
 46616 | Depths:4 | Found a gate to the Realm of Zot.
 47410 | Pan      | Entered Pandemonium
 47410 | Pan      | Found a runed translucent door.
 47412 | Pan      | Found a runed translucent door.
 47469 | Pan      | Noticed Nyemnyc the pandemonium lord
 47491 | Pan      | Killed Nyemnyc the pandemonium lord
 47749 | Pan      | Found a glowing silver altar of Zin.
 48489 | Pan      | Found a glowing golden altar of the Shining One.
 48492 | Pan      | Noticed a seraph
 48522 | Pan      | Killed a seraph
 48569 | Pan      | Identified the amulet of Asulio {Reflect rPois rF- MP+9
                  | SH+5 Stlth+}
 48579 | Pan      | Identified the +3 flail of Modebret {flame, Str+2}
 48603 | Pan      | Got a demonic rune of Zot
 48606 | Pan      | Identified the staff of earth "Dotois" {rN+ rCorr Int+2}
 48776 | Pan      | HP: 5/151 [daeva/divine providence (9)]
 48931 | Pan      | Found a white marble altar of Elyvilon.
 48994 | Pan      | Found an exit through the horrors of the Abyss.
 49108 | Depths:2 | Escaped Pandemonium
 49415 | Swamp:3  | Killed Jacimip's ghost
 49962 | Pan      | Entered Pandemonium
 50113 | Pan      | Entered the realm of Gloorx Vloq.
 50404 | Pan      | Noticed Gloorx Vloq
 50436 | Pan      | Killed Gloorx Vloq
 50466 | Pan      | Got a dark rune of Zot
 50733 | Pan      | Entered the realm of Lom Lobon.
 50956 | Pan      | Noticed Lom Lobon
 50989 | Pan      | Killed Lom Lobon
 50999 | Pan      | Got a magical rune of Zot
 51084 | Pan      | Found an exit through the horrors of the Abyss.
 51154 | Pan      | Entered the realm of Mnoleg.
 51323 | Pan      | Paralysed by a floating eye for 3 turns
 51337 | Pan      | Paralysed by a floating eye for 2 turns
 51386 | Pan      | Noticed Mnoleg
 51387 | Pan      | Paralysed by a floating eye for 4 turns
 51392 | Pan      | Paralysed by a floating eye for 4 turns
 51412 | Pan      | Killed Mnoleg
 51497 | Pan      | Got a glowing rune of Zot
 51888 | Pan      | Entered the realm of Cerebov.
 51888 | Pan      | Identified the staff of death "Jobrumi" {*Slow +Blink rF+
                  | rN+ Str+4}
 51889 | Pan      | Identified the ring "Ezixtorgh" {Wiz Slay+2}
 52008 | Pan      | Identified the staff of earth "Hivoefie" {rPois rF+ rC+}
 52093 | Pan      | Found the +6 sword of Cerebov {flame}
 52093 | Pan      | Noticed Cerebov
 52338 | Pan      | Killed Cerebov
 52340 | Pan      | Got a fiery rune of Zot
 52510 | Depths:2 | Escaped Pandemonium
 52549 | Hell     | Entered the Vestibule of Hell
 52549 | Hell     | Noticed Geryon
 52565 | Hell     | Killed Geryon
 52566 | Hell     | Reached skill level 23 in Invocations
 52862 | Hell     | Noticed a dread lich
 52940 | Depths:2 | Killed a dread lich
 52941 | Depths:2 | Reached skill level 24 in Invocations
 53197 | Hell     | Found a gateway to the ashen valley of Gehenna.
 53206 | Geh:1    | Entered Level 1 of Gehenna
 53432 | Geh:2    | Reached skill level 25 in Invocations
 53656 | Hell     | Killed from afar by a balrug

Illustrated notes

Levels and vault maps discovered:
D:1:      shiori_arrival_elements, layout_basic,
          hellmonk_ecumenical_altar_crossroads
D:2:      layout_basic, uniq_terence
D:3:      layout_basic, grunt_dithmenos_smoke, chequers_serial_rivers_small_b
D:4:      layout_rooms, nemelex_xobeh_ov_fountains_minmay, grunt_ministairs_12,
          grunt_decor_resistance, hangedman_decor_points, serial_bayou_lagoon_b
D:5:      layout_cave_pools, general_overflow_altar,
          mainiacjoe_overflow_concentric_impassable, minmay_misc_feat_alley,
          grunt_ministairs_8
D:6:      layout_cave_pods, pdpol_wu_jian_five_deadly_venoms,
          nicolae_elyvilon_peaceful_grove, lemuel_doored_altar,
          minmay_temple_entry_proselytizer, cheibrodos_sewer_entry_sluice,
          serial_shops, shop, uniq_blork_the_orc, uniq_prince_ribbit1
D:7:      layout_loops_cross, mainiacjoe_overflow_six_doors_small,
          mainiacjoe_overflow_large_starburst, serial_shops,
          nicolae_shop_rolling_square, gammafunk_ghost_stat_death,
          minmay_misc_feat_rugged, kennysheep_windowed_goal, uniq_maggie
D:8:      layout_loops_corners, mainiacjoe_overflow_catch_the_wave, serial_ice,
          serial_ice_i, serial_ice_c, serial_ice_g, serial_ice_f,
          lightli_bailey_entry_fortress, minmay_liquid_box, nrook_campfire,
          minmay_fire_ice_demons, uniq_psyche
D:9:      layout_rooms, mainiacjoe_overflow_surrounded_room, serial_aquarium,
          aquarium_bridge_long_joined [aquarium_subvault_wall,
          aquarium_subvault_bridge, aquarium_subvault_bridge,
          aquarium_subvault_balcony, aquarium_subvault_bridge,
          aquarium_subvault_wall], aquarium_window_2, aquarium_window_1,
          aquarium_view_2f, aquarium_balcony_1b, serial_shops, shop
D:10:     layout_basic, nicolae_overflow_crystal_walls, orc_0_dummy, uniq_erica
D:11:     layout_basic, lair_entry_dummy, nicolae_zen_rock_garden,
          okawaru_humans
D:12:     layout_loops_ring, grunt_ogre_cave, nicolae_elevator_lobby_plus
D:13:     layout_basic, david_vaults_3, uniq_kirke
D:14:     layout_basic, special_room [special_room_orc],
          yredelemnul_forgotten_temple_becter, uniq_roxanne, uniq_lodul
D:15:     grunt_enter_depths_snipers, layout_loops_ring
Temple:   hellmonk_temple_forest_ring
Lair:1:   layout_concentric_octagons, dpeg_stationary_puzzle,
          infiniplex_staircase_pool, grunt_megastairs_2, serial_bayou_shore_b
Lair:2:   layout_cave_shapes, dummy_spider_entry,
          portal_ice_cave_entry_pillars_1, minmay_hedge_maze
Lair:3:   layout_regular_city, minmay_swamp_entry_worms,
          chequers_serial_rivers_room_a, lemuel_fruit_tree, grunt_megastairs_4
Lair:4:   beargit_carnivore_pack, layout_regular_city, slime_entry_1,
          nicolae_volcano_entry_lava_flow, lemuel_fruit_fields,
          serial_bayou_shore_a
Lair:5:   grunt_lair_end_beastmaster, layout_gridlike,
          nicolae_lair_grove_arrangements, wad_woods_road_01, uniq_snorg
Swamp:1:  layout_basic_swamp, evilmike_swamp_ruin_house_3, swamp_pool2,
          nicolae_swamp_little_tower
Swamp:2:  layout_basic_swamp, evilmike_swamp_ruin_rubble_1
Swamp:3:  layout_basic_swamp, gammafunk_ghost_wrathful_warriors,
          evilmike_swamp_ruin_house_1, swamp_pool5, st_swamp_ruins_1
Swamp:4:  swamp_icy, layout_basic_swamp, nicolae_swamp_vermiculated
Spider:1: layout_spider_delve
Spider:2: layout_chambers, nicolae_spider_nook, uniq_azrael
Spider:3: layout_spider_delve, uniq_donald, uniq_louise
Spider:4: floodkiller_spider_rune_tomb
Slime:1:  layout_caves
Slime:2:  layout_caves
Slime:3:  layout_caves, uniq_dissolution
Slime:4:  layout_caves
Slime:5
Orc:1:    layout_caves, uniq_maurice
Orc:2:    grunt_orc_tribal_feast, layout_caves
Elf:1:    nicolae_elf_arrival_fired_up, layout_geoelf_grid, mu_enter_wizlab_7,
          serial_shops, shop, basic_altar, ebering_ghost_xom, minmay_elf_sorcery
Elf:2:    nicolae_elf_blades_splatter_lattice
          [nicolae_blade_entry_hurt_lockers], layout_gridlike,
          roderic_lattice_octagonal_star
Elf:3:    grunt_elf_hall_asides, layout_geoelf_octagon
Vaults:1: nicolae_vaults_spaceships, nicolae_vaults_more_shelving_1,
          nicolae_vaults_offset_grid_hallway_1, nicolae_vaults_little_squares_2,
          nicolae_vaults_closet_pinwheel_1, ontoclasm_vaults_spin,
          nicolae_vaults_trapezoid_3, v_pattern_1, grunt_vaults_funnel,
          st_lattice, nicolae_vaults_little_squares_1,
          nicolae_vaults_variable_pillar_hall, vaults_room_hallway,
          layout_vaults_ring
Vaults:2: v_rooms_6, nicolae_vaults_network_star,
          nicolae_vaults_shrinking_rooms_1, v_misc_11, ontoclasm_vaults_eye,
          v_misc_14, ontoclasm_vaults_fault, hangedman_vaults_pinch,
          layout_vaults_chaotic_city, serial_shops, nicolae_shop_mannequins
Vaults:3: nicolae_vaults_network_quincunx
          [nicolae_vaults_network_quincunx_subvault,
          nicolae_vaults_network_quincunx_subvault,
          nicolae_vaults_network_quincunx_subvault,
          nicolae_vaults_network_quincunx_subvault,
          nicolae_vaults_network_quincunx_subvault], grunt_vaults_hallway_short,
          v_misc_3, minmay_crypt_entry_simple_plaza,
          vaults_mumra_minichess_inversion,
          nicolae_vaults_offset_grid_hallway_3,
          nicolae_vaults_closet_pinwheel_5, v_misc_10,
          dpeg_vaults_hating_casters, serial_ice_m, v_alt_pattern_1,
          v_pattern_2, nicolae_vaults_trapezoid_lopsided_1,
          nicolae_vaults_tetromino_Z_2, layout_vaults_omnibox
Vaults:4: nicolae_vaults_ninety_degrees, nicolae_vaults_three_branches,
          nicolae_vaults_little_squares_5, hangedman_vaults_trim,
          grunt_vaults_hallway_short, hangedman_vaults_nails, v_misc_27,
          nicolae_vaults_closet_pinwheel_5,
          nicolae_vaults_offset_grid_hallway_2, nicolae_vaults_little_squares_6,
          vaults_room_pool, nicolae_vaults_gold_heap, v_misc_23,
          nicolae_vaults_trapezoid_layered, layout_vaults_big_cross
Vaults:5
Crypt:1:  layout_regular_city, nicolae_crypt_small_crypt
Crypt:2:  layout_misc_corridors, grunt_ministairs_7,
          nicolae_elevator_lobby_asterisk
Crypt:3:  church_of_pain_bobbens, layout_chaotic_city,
          tomb_entry_simple_bobbens, ebering_ghost_reflecting_pool, st_stairs_5,
          minmay_misc_feat_ornament, grunt_ministairs_11
Depths:1: minmay_quantized_circle, layout_cave_pools, enter_ziggurat_d,
          hell_entry, minmay_misc_feat_doors,
          nicolae_abyss_entry_one_way_or_another, minmay_misc_feat_tower,
          nicolae_rock_paper_scissors
Depths:2: dreamdust_experimentation, layout_long_grid, grunt_pan_entry_zigzag,
          hell_entry, kiku_gazebo_pond_becter
Depths:3: evilmike_horseshoe, layout_cave_pools, hangedman_abyss_entry_splay,
          hell_entry
Depths:4: grunt_zot_entry_gee_three, layout_twisted_cross,
          minmay_misc_feat_enclosed, grunt_hell_entry_dis_old
Hell
Geh:1:    layout_gehenna_pools_basic
Geh:2:    layout_gehenna_lava_caves
Geh:3:    layout_gehenna_pools_box
Geh:4:    layout_gehenna_pools_basic, evilmike_ambush
          [evilmike_ambush_outer_pillars, evilmike_ambush_inner_basic]
Geh:5:    layout_gehenna_lava_caves, nicolae_hells_fiendish_ambush

Skill      XL: |  1  2  3  4  5  6  7  8  9 10 11 12 13 14 15 16 17 18 19 20 21 22 23 24 25 26 27 |
---------------+----------------------------------------------------------------------------------+-----
Poison Magic   | 4 5 6 7 |  7.7
Fighting       | 4 5 8 13 17 20 | 20.0
Dodging        | 3 8 10 | 10.0
Axes           | 4 8 11 12 15 16 | 16.0
Spellcasting   | 6 9 15 | 15.4
Invocations    | 7 8 11 15 17 19 21 25 | 25.2
Shields        | 3 10 13 16 | 16.0
Armour         | 3 9 10 14 15 20 | 20.0
Maces & Flails | 4 11 12 | 12.6
Evocations     | 10 | 10.0
Stealth        | |  2.4
Transmutations | |  1.0

Action                     |  1- 3 |  4- 6 |  7- 9 | 10-12 | 13-15 | 16-18 | 19-21 | 22-24 | 25-27 || total
---------------------------+-------+-------+-------+-------+-------+-------+-------+-------+-------++-------
  Melee: Short sword       |    69 |   131 |   103 |       |       |       |       |       |       ||   303
         Bite              |    13 |    43 |    58 |    47 |   289 |   599 |   726 |   961 |  1424 ||  4160
         War axe           |       |       |   104 |   234 |   653 |       |       |       |       ||   991
         Punch             |       |       |     2 |     2 |     2 |       |       |       |       ||     6
         Eveningstar       |       |       |       |       |    69 |  1403 |  1362 |  1812 |  1533 ||  6179
         Sacred scourge    |       |       |       |       |       |       |       |       |  1019 ||  1019
   Cast: Sting             |    32 |    65 |    19 |       |       |       |       |       |       ||   116
         Poisonous Vapours |       |       |     3 |    17 |    13 |       |       |       |       ||    33
         Olgreb's Toxic Ra |       |       |    12 |    30 |    21 |       |       |       |       ||    63
 Invoke: Recite            |       |       |       |       |     1 |     3 |       |       |     8 ||    12
         Vitalisation      |       |       |       |       |     3 |     5 |       |     2 |     3 ||    13
         Sanctuary         |       |       |       |       |       |     1 |     4 |     2 |     2 ||     9
  Evoke: Wand              |       |       |     6 |     1 |    15 |     1 |     1 |     2 |     8 ||    34
         Condenser vane    |       |       |       |       |     1 |     1 |     1 |       |       ||     3
    Use: Potion            |       |       |       |     1 |     4 |     1 |     7 |     1 |     6 ||    20
         Scroll            |       |       |       |       |    47 |     7 |    15 |     4 |    17 ||    90
   Stab: Sleeping          |     2 |       |     1 |    10 |     3 |       |       |       |       ||    16
         Distracted        |       |     1 |       |     1 |     2 |       |       |     1 |     1 ||     6
         Petrified         |       |       |       |       |     6 |       |       |       |       ||     6
         Petrifying        |       |       |       |       |     1 |       |       |       |       ||     1
         Confused          |       |       |       |       |       |     5 |       |       |     4 ||     9
         Invisible         |       |       |       |       |       |       |       |       |     4 ||     4
 Armour: Robe              |     8 |       |       |       |       |       |       |       |       ||     8
         Leather armour    |    28 |    73 |    47 |       |       |       |       |       |       ||   148
         Ring mail         |       |       |    35 |       |       |       |       |       |       ||    35
         Steam dragon scal |       |       |    21 |       |       |       |       |       |       ||    21
         Acid dragon scale |       |       |    15 |    91 |   133 |       |       |       |       ||   239
         Plate armour      |       |       |       |       |   518 |  1036 |   847 |   805 |   310 ||  3516
         Chain mail        |       |       |       |       |     9 |       |       |       |       ||     9
         Gold dragon scale |       |       |       |       |       |       |       |       |  1044 ||  1044
  Dodge: Dodged            |    64 |    78 |   188 |   242 |   377 |   585 |   494 |   710 |   991 ||  3729
  Block: Kite shield       |       |       |       |       |   586 |  1010 |   790 |   918 |   681 ||  3985
         Reflection        |       |       |       |       |     4 |       |       |       |       ||     4
         Tower shield      |       |       |       |       |       |       |       |       |  1738 ||  1738
